 Dungeon Crawl Stone Soup version 0.29.1 (webtiles) character file.

Game seed: 15751403840107694327

26483 LustLizard the Grappler (level 12, -1/123 HPs)
             Began as a Troll Fighter on Sept 14, 2022.
             Was an Elder of Wu Jian.
             Slain by a deep troll (3 damage)
             ... on level 2 of the Orcish Mines.
             The game lasted 00:28:12 (14672 turns).

LustLizard the Grappler (Troll Fighter)            Turns: 14672, Time: 00:28:12

Health: -1/123     AC: 12    Str: 27    XL:     12   Next: 98%
Magic:  11/11      EV: 10    Int:  8    God:    Wu Jian [****..]
Gold:   1054       SH:  0    Dex:  9    Spells: 11/11 levels left

rFire   . . .      SeeInvis .     - Unarmed
rCold   . . .      Faith    .   b - +1 kite shield
rNeg    . . .      Spirit   .   T - +0 acid dragon scales
rPois   .          Reflect  .   (helmet restricted)
rElec   .          Harm     .   (no cloak)
rCorr   +          Rampage  .   (gloves unavailable)
Will    .....                   (boots unavailable)
Stlth   ..........              x - amulet of the acrobat
HPRegen 1.10/turn               w - +4 ring of protection
MPRegen 0.12/turn               (no ring)

@: confused, ambrosia-drunk, invisible
A: large, unfitting armour, claws 3, regeneration 1, shaggy fur 1, tough skin 1
a: Renounce Religion, Wall Jump, Serpent's Lash


You were on level 2 of the Orcish Mines.
You worshipped Wu Jian.
Wu Jian was greatly pleased with you.
You visited 4 branches of the dungeon, and saw 19 of its levels.

You collected 1362 gold pieces.
You spent 308 gold pieces at shops.

Inventory:

Hand Weapons
 Y - a +2 whip of freezing
Missiles
 f - 174 stones
 k - 36 poisoned darts
 H - 6 atropa-tipped darts
 M - 9 throwing nets (quivered)
 W - 4 javelins
Armour
 b - a +1 kite shield (worn)
 J - +0 steam dragon scales
 T - +0 acid dragon scales (worn)
Jewellery
 a - a ring of flight
 w - a +4 ring of protection (left claw)
 x - an amulet of the acrobat (around neck)
Wands
 r - a wand of polymorph (10)
 t - a wand of flame (32)
 F - a wand of roots (12)
 K - a wand of acid (7)
 V - a wand of paralysis (8)
Scrolls
 g - 3 scrolls of enchant armour
 h - 4 scrolls of vulnerability
 i - a scroll of brand weapon {unknown}
 m - 2 scrolls of noise {unknown}
 o - 2 scrolls of teleportation {unknown}
 q - 2 scrolls of magic mapping
 s - 4 scrolls of fear
 v - 3 scrolls of poison
 y - a scroll of fog {unknown}
 A - 2 scrolls of blinking
 Q - 2 scrolls of amnesia
 R - 2 scrolls of summoning {unknown}
 U - 2 scrolls of immolation
 X - 2 scrolls of acquirement {unknown}
Potions
 c - 3 potions of might
 d - 4 potions of curing
 l - 3 potions of mutation
 p - a potion of ambrosia
 z - a potion of resistance
 B - 3 potions of flight
 D - a potion of lignification
 E - a potion of cancellation
 L - 3 potions of heal wounds {unknown}
 N - a potion of brilliance {unknown}
 P - 5 potions of haste
 Z - a potion of berserk rage


   Skills:
 + Level 9.2 Fighting
 + Level 7.4 Dodging
 + Level 10.0 Shields
 * Level 14.6 Unarmed Combat


You had 11 spell levels left.
You didn't know any spells.
Your spell library contained the following spells:

 Spells                   Type           Power      Damage    Failure   Level
 Foxfire                  Conj/Fire      0%         2x1d4     69%         1
 Freeze                   Ice            0%         1d3       69%         1
 Blink                    Tloc           0%         N/A       83%         2
 Call Canine Familiar     Summ           0%         N/A       96%         3
 Conjure Flame            Conj/Fire      0%         6-21      96%         3
 Frozen Ramparts          Ice            0%         1d1       96%         3
 Inner Flame              Hex/Fire       0%         N/A       96%         3
 Lesser Beckoning         Tloc           0%         N/A       96%         3
 Portal Projectile        Hex/Tloc       0%         N/A       96%         3
 Animate Armour           Summ/Erth      0%         N/A       100%        4
 Flame Wave               Conj/Fire      0%         2d4       100%        4
 Hailstorm                Conj/Ice       0%         3d3       100%        4
 Ice Form                 Ice/Tmut       0%         N/A       100%        4
 Leda's Liquefaction      Hex/Erth       0%         N/A       100%        4
 Summon Ice Beast         Ice/Summ       0%         N/A       100%        4
 Blade Hands              Tmut           0%         N/A       100%        5
 Manifold Assault         Tloc           0%         N/A       100%        5
 Iron Shot                Conj/Erth      0%         9d1       100%        6


Dungeon Overview and Level Annotations

Branches:
Dungeon (11/15)            Temple (1/1) D:5            Lair (5/5) D:10
 Shoals (0/4) Lair:3       Spider (0/4) Lair:2        Slime (0/5) Lair:4
    Orc (2/2) D:9             Elf (0/3) Orc:2

Altars:
Ashenzari
Cheibriados
Dithmenos
Elyvilon
Fedhas
Gozag
Hepliaklqana
Kikubaaqudgha
Makhleb
Nemelex Xobeh
Okawaru
Qazlal
Ru
Sif Muna
Trog
Uskayaw
Vehumet
Wu Jian
Xom
Yredelemnul
Zin
The Shining One

Shops:
D:6 [**   D:8 =   Orc:2 =

Annotations:
Temple 2 transporters
Lair:3 3 runed translucent doors, JacoesBerries's ghost, journeyman DECj
Lair:4 1 runed translucent door


Innate Abilities, Weirdness & Mutations

You are too large for most types of armour.
You have claws for hands.
Your natural rate of healing is unusually fast.
You are covered in fur. (AC +1)
You have tough skin. (AC +1)


Message History

You mangle the two-headed ogre!!
The two-headed ogre is almost dead.
You scratch the two-headed ogre but do no damage.
The two-headed ogre is almost dead.
You block the ogre's attack.
The two-headed ogre barely misses you. x2
The ogre hits you with a +0 giant club!!
* * * LOW HITPOINT WARNING * * *
You spin and attack the ogre repeatedly.
You scratch the ogre.
The ogre is heavily wounded.
You claw the ogre!
You kill the ogre!
The Council accepts your kill.
You spin and attack the two-headed ogre repeatedly.
You claw the two-headed ogre!
You kill the two-headed ogre!
The Council accepts your kill.
Your Shields skill increases to level 10!
You scratch the deep troll.
The deep troll is lightly wounded.
The deep troll completely misses you.
The deep troll claws you but does no damage.
You block the deep troll's attack.
You eviscerate the deep troll!!!
The deep troll is severely wounded.
The deep troll bites you.
* * * LOW HITPOINT WARNING * * *
You block the deep troll's attack.
The deep troll claws you but does no damage.
You are confused.
You feel invigorated. The ogre misses you. The deep troll bites you!
* * * LOW HITPOINT WARNING * * *
The deep troll closely misses you.
The deep troll claws you but does no damage.
You barely miss the deep troll.
The deep troll is severely wounded.
The deep troll bites you.
* * * LOW HITPOINT WARNING * * *
The deep troll claws you.
You die...

.. ##... ..... #... ##
$.#.. ##..###.##
...#.###........##
.......#.......#.#..
...................#
..$................#
#...................##
#..........@.........#.
##.......)OT)...........
##..........))...........^
#...........)..........#.#
........................##.
.<#........................
#...>........#.....#.#....
##..........#.......#.....
#<.#.......................


You could see a deep troll and an ogre (unable to see you).

Vanquished Creatures
  2 boulder beetles
  2 hydras
  2 centaur warriors
  An ogre mage (Orc:2)
  3 two-headed ogres
  Amaemon (Lair:1)
  Pikel (D:9)
  A merfolk siren (Lair:3)
  An ugly thing (D:9)
  A black mamba (Lair:4)
  11 cane toads
  An orange demon (Lair:1)
  6 komodo dragons
  An unseen horror (D:10)
  2 trolls
  A polar bear (Lair:4)
  Prince Ribbit (D:8)
  3 blink frogs (Lair:5)
  A spriggan (Lair:1)
  A wraith (D:10)
  2 wyverns
  2 vampires
  18 yaks
  3 vampire mosquitoes (D:10)
  3 basilisks
  An unseen horror simulacrum (D:9)
  2 steam dragons (D:6)
  An acid dragon (D:8)
  11 water moccasins
  5 black bears
  4 orc warriors
  8 ogres
  5 wolves
  5 centaurs
  A phantom (D:5)
  3 lemures (D:9)
  2 kobold brigands
  13 bullfrogs
  2 scorpions
  4 gnoll sergeants
  8 wights (D:8)
  6 killer bees (D:9)
  2 electric eels (Lair:3)
  4 howler monkeys
  A crimson imp (D:6)
  2 hounds (D:8)
  2 jellies
  7 orc priests
  6 gnoll boudas
  Jessica (D:3)
  5 iguanas
  11 orc wizards
  33 gnolls
  10 adders
  3 white imps
  5 dart slugs
  45 orcs
  7 ball pythons
  3 bats (D:1)
  6 endoplasms
  5 giant cockroaches
  6 goblins
  7 hobgoblins
  9 jackals
  2 quokkas
  7 frilled lizards
  16 kobolds
  5 rats
362 creatures vanquished.

Vanquished Creatures (others)
  28 fungi
  46 plants
74 creatures vanquished.

Grand Total: 436 creatures vanquished

Notes
Turn   | Place    | Note
-------+----------+-------------------------------------------
     0 | D:1      | LustLizard the Troll Fighter began the quest for the Orb.
     0 | D:1      | Reached XP level 1. HP: 22/22 MP: 0/0
   156 | D:1      | Reached XP level 2. HP: 29/29 MP: 1/1
   427 | D:1      | Reached XP level 3. HP: 36/36 MP: 2/2
   796 | D:2      | Reached skill level 3 in Unarmed Combat
   840 | D:2      | Found an ancient bone altar of Kikubaaqudgha.
  1176 | D:2      | Reached XP level 4. HP: 44/44 MP: 3/3
  1697 | D:3      | Noticed Jessica
  1701 | D:3      | Killed Jessica
  1784 | D:3      | Found a hazy altar of Hepliaklqana.
  2115 | D:3      | Reached skill level 4 in Unarmed Combat
  2115 | D:3      | Reached XP level 5. HP: 53/53 MP: 4/4
  2515 | D:4      | Found a shimmering altar of Xom.
  2937 | D:4      | Reached XP level 6. HP: 61/61 MP: 5/5
  3214 | D:5      | Entered Level 5 of the Dungeon
  3311 | D:5      | Found a staircase to the Ecumenical Temple.
  3354 | D:5      | Reached skill level 5 in Unarmed Combat
  3543 | D:5      | Reached XP level 7. HP: 68/68 MP: 6/6
  3760 | D:5      | Reached skill level 6 in Unarmed Combat
  4001 | D:6      | Found Viaruck's Assorted Antiques.
  4014 | D:6      | Bought a scroll labelled DEVIOJ NYQINN for 21 gold pieces
  4014 | D:6      | Bought a lumpy inky potion for 18 gold pieces
  4014 | D:6      | Bought a clear potion for 18 gold pieces
  4014 | D:6      | Bought a scroll labelled XIEJIMU PYROG for 21 gold pieces
  4014 | D:6      | Bought 2 green potions for 37 gold pieces
  4014 | D:6      | Bought a forked bone wand for 84 gold pieces
  4108 | D:6      | Reached XP level 8. HP: 79/79 MP: 7/7
  4116 | D:6      | Reached skill level 5 in Shields
  4141 | D:6      | Found Xodoycy's Armour Shoppe.
  4164 | D:6      | Reached skill level 7 in Unarmed Combat
  4344 | D:6      | Reached skill level 5 in Fighting
  4463 | D:6      | Reached skill level 8 in Unarmed Combat
  4739 | D:6      | Found Ylahaek's Assorted Antiques.
  4747 | D:6      | Bought a scroll of identify for 56 gold pieces
  4747 | D:6      | Bought a bubbling green potion for 25 gold pieces
  4747 | D:6      | Bought a scroll labelled CUAJEJAPTUDEA for 28 gold pieces
  5239 | D:7      | Reached XP level 9. HP: 76/88 MP: 8/8
  5722 | D:8      | Reached skill level 9 in Unarmed Combat
  5830 | D:8      | Noticed Prince Ribbit
  5850 | D:8      | Killed Prince Ribbit
  5942 | Temple   | Entered the Ecumenical Temple
  5942 | Temple   | Found a transporter.
  5942 | Temple   | Found a transporter.
  5944 | Temple   | Found a transporter.
  5944 | Temple   | Found a transporter.
  5972 | Temple   | Became a worshipper of the Wu Jian Council
  6277 | D:8      | Reached skill level 10 in Unarmed Combat
  6327 | D:8      | Found Giaqek Buokk's Jewellery Emporium.
  6399 | D:8      | Reached * piety under Wu Jian
  6526 | D:8      | Reached XP level 10. HP: 91/100 MP: 9/9
  6965 | D:9      | Found a staircase to the Orcish Mines.
  7011 | D:9      | Found a shimmering blue altar of Sif Muna.
  7048 | D:9      | Noticed a two-headed ogre
  7057 | D:9      | Killed a two-headed ogre
  7452 | D:9      | Noticed a centaur warrior
  7452 | D:9      | Noticed a green ugly thing
  7484 | D:9      | Killed a centaur warrior
  7485 | D:9      | Reached skill level 11 in Unarmed Combat
  7600 | D:9      | Reached ** piety under Wu Jian
  7645 | D:9      | Noticed Pikel
  7650 | D:9      | Killed Pikel
  7699 | D:10     | Entered Level 10 of the Dungeon
  7761 | D:10     | Found a staircase to the Lair.
  7935 | D:10     | Found a large runed translucent door.
  7936 | D:10     | Found a large runed translucent door.
  7981 | D:10     | Reached XP level 11. HP: 109/109 MP: 10/10
  8066 | D:10     | Noticed a centaur warrior
  8080 | D:10     | Killed a centaur warrior
  8081 | D:10     | Reached skill level 5 in Dodging
  8384 | D:10     | Reached skill level 12 in Unarmed Combat
  8717 | D:10     | Found an ancient bone altar of Kikubaaqudgha.
  8724 | D:10     | Found a burning altar of Makhleb.
  8783 | D:11     | Noticed a two-headed ogre
  8970 | D:11     | Killed a two-headed ogre
  9078 | D:11     | Found a sacrificial altar of Ru.
  9416 | D:11     | Noticed a boulder beetle
  9426 | D:11     | Killed a boulder beetle
  9574 | Lair:1   | Entered Level 1 of the Lair of Beasts
  9733 | Lair:1   | Noticed Amaemon
  9736 | Lair:1   | Noticed a four-headed hydra
  9739 | Lair:1   | Paralysed by Amaemon for 4 turns
  9747 | Lair:1   | Killed Amaemon
  9864 | D:9      | Killed a green ugly thing
  9864 | D:9      | Reached *** piety under Wu Jian
 10099 | Lair:1   | Killed a four-headed hydra
 10225 | Lair:1   | Reached skill level 13 in Unarmed Combat
 10950 | Lair:2   | Reached XP level 12. HP: 120/120 MP: 11/11
 11129 | Lair:2   | Found a hole to the Spider Nest.
 11173 | Lair:2   | Noticed a boulder beetle
 11183 | Lair:2   | Killed a boulder beetle
 12027 | Lair:3   | Found a runed translucent gate.
 12027 | Lair:3   | Found a runed translucent gate.
 12027 | Lair:3   | Found a runed translucent gate.
 12303 | Lair:3   | Found a staircase to the Shoals.
 12486 | Lair:3   | Noticed JacoesBerries's ghost (journeyman DECj)
 12872 | Lair:4   | Reached skill level 14 in Unarmed Combat
 13175 | Lair:4   | Noticed a seven-headed hydra
 13268 | Lair:4   | Killed a seven-headed hydra
 13593 | Lair:4   | Found a runed translucent door.
 13594 | Lair:4   | Noticed an acid blob
 13595 | Lair:4   | Noticed an acid blob
 13596 | Lair:4   | Found a staircase to the Slime Pits.
 13596 | Lair:4   | Noticed an acid blob
 13896 | Lair:5   | Entered Level 5 of the Lair of Beasts
 13896 | Lair:5   | Noticed a four-headed hydra
 14041 | Lair:5   | Noticed a four-headed hydra
 14041 | Lair:5   | Noticed a five-headed hydra
 14112 | Lair:5   | Noticed a five-headed hydra
 14247 | Orc:1    | Entered Level 1 of the Orcish Mines
 14365 | Orc:2    | Entered Level 2 of the Orcish Mines
 14365 | Orc:2    | Found a staircase to the Elven Halls.
 14386 | Orc:1    | Reached **** piety under Wu Jian
 14479 | Orc:2    | Found Zofemot's Jewellery Shoppe.
 14529 | Orc:2    | Noticed an ogre mage
 14532 | Orc:2    | Noticed a two-headed ogre
 14661 | Orc:2    | Killed an ogre mage
 14668 | Orc:2    | Killed a two-headed ogre
 14669 | Orc:2    | Reached skill level 10 in Shields
 14671 | Orc:2    | HP: 3/123 [deep troll (15)]
 14672 | Orc:2    | Slain by a deep troll

Illustrated notes

Levels and vault maps discovered:
D:1:      beargit_arrival_greenhouse, layout_basic, serial_bayou_pond_a,
          serial_bayou_crossing
D:2:      layout_basic, basic_altar, st_stairs_4
D:3:      layout_loops_corners, worldfamousw_hep_ancestral_shrine,
          amcnicky_mini_corridor_feature, uniq_jessica
D:4:      nicolae_BIG_FREAKIN_CUBE, layout_basic, mainiacjoe_overflow_boulevard
D:5:      nicolae_cairo_tiling_very_big, layout_rooms, temple_statues,
          serial_curves, eino_curves_02, eino_curves_02
D:6:      cheibrodos_steamvent, layout_loops_ring, serial_shops, shop, shop,
          nicolae_stop_n_shop_1, minmay_fire_ice_demons
D:7:      layout_basic, kennysheep_potato
D:8:      layout_cave_pools, serial_gnoll_camp, gnoll_camp_mini_hut,
          gnoll_camp_medium_01, gnoll_camp_mini_house, gnoll_camp_mini_hut,
          gnoll_camp_mini_shop, dreamdust_wishing_well, uniq_prince_ribbit1
D:9:      layout_basic, nicolae_overflow_crystal_walls, orc_0_dummy,
          minmay_strange_pillars, grunt_tough_drop, uniq_pikel
D:10:     layout_stronghold, jmf_multi_god_temple2, due_lair_maze_entry_diamond
D:11:     layout_loops_ring, nicolae_ru_sacrificial_ziggurat
Temple:   hellmonk_temple_divided_pantheon
Lair:1:   layout_loops_ring, wad_woods_03, infiniplex_staircase_pool,
          uniq_amaemon
Lair:2:   layout_small_grid, dummy_spider_entry, grunt_megastairs_3,
          serial_bayou_shore_b, infiniplex_staircase_pool_2
Lair:3:   layout_layer_cave, elwin_shoals_entry_rooms, gammafunk_ghost_icy
Lair:4:   layout_gridlike, slime_entry_2, serial_bayou, serial_bayou_ford_a,
          serial_bayou_lagoon_a, serial_bayou_lagoon_b, serial_bayou_pond_d,
          serial_bayou_lake_a, serial_bayou_shore_b, lemuel_fruit_tree
Lair:5:   wormcave, layout_cave_pods, basic_altar, st_stairs_8,
          grunt_megastairs_4
Orc:1:    layout_caves
Orc:2:    st_orc_open, layout_caves, serial_shops, shop

Skill      XL: |  1  2  3  4  5  6  7  8  9 10 11 12 |
---------------+-------------------------------------+-----
Shields        | 3 4 5 7 9 10 | 10.0
Unarmed Combat | 3 4 5 6 8 10 11 13 14 | 14.6
Fighting       | 3 4 5 6 7 8 9 |  9.2
Dodging        | 3 4 6 7 |  7.4

Action                   |  1- 3 |  4- 6 |  7- 9 | 10-12 || total
-------------------------+-------+-------+-------+-------++-------
Melee: Unarmed           |    86 |   182 |   386 |   715 ||  1369
       Whip              |       |       |       |    15 ||    15
Throw: Stone             |     1 |       |       |       ||     1
       Dart              |       |       |       |     7 ||     7
       Throwing net      |       |       |       |     1 ||     1
Invok: Whirlwind         |       |       |    10 |    82 ||    92
       Lunge             |       |       |     8 |    28 ||    36
  Use: Scroll            |       |     3 |     8 |     9 ||    20
       Potion            |       |       |       |     8 ||     8
 Stab: Sleeping          |     1 |       |     1 |       ||     2
       Invisible         |       |       |       |     4 ||     4
Armor: Robe              |    35 |    59 |    31 |       ||   125
       Steam dragon scal |       |       |   111 |   163 ||   274
       Skin              |       |       |       |    20 ||    20
       Acid dragon scale |       |       |       |    88 ||    88
Dodge: Dodged            |    17 |    62 |   168 |   222 ||   469
Block: Kite shield       |    27 |    79 |   198 |   317 ||   621
